 Dungeon Crawl Stone Soup version 0.30-a0-542-ge43150dd35 (webtiles) character file.

Game seed: 8659312577107753922

947 Bnni the Vexing (level 8, -14/60 HPs)
             Began as a Formicid Hexslinger on Dec 26, 2022.
             Killed by an exploding Maggie (38 damage)
             ... ignited by their inner flame
             ... on level 6 of the Dungeon.
             The game lasted 00:08:09 (5609 turns).

Bnni the Vexing (Formicid Hexslinger)               Turns: 5609, Time: 00:08:10

Health: -14/60     AC:  3    Str: 15    XL:     8   Next: 35%
Magic:  12/13      EV: 12    Int: 15    God:
Gold:   274        SH:  4    Dex: 20    Spells: 3/14 levels left

rFire   . . .      SeeInvis +    a - +1 sling
rCold   . . .      Faith    .    E - +0 buckler
rNeg    . . .      Spirit   .    e - +0 robe {Will+}
rPois   .          Reflect  .    (helmet unavailable)
rElec   .          Harm     .    D - +0 cloak
rCorr   .          Rampage  .    (no gloves)
Will    +....                    (no boots)
Stlth   ++                       (no amulet)
HPRegen 0.30/turn                q - +6 ring of dexterity
MPRegen 0.13/turn                s - ring of wizardry

@: no status effects
A: permanent stasis, dig shafts and tunnels, antennae 3, four strong arms
a: Dig, Shaft Self


You were on level 6 of the Dungeon.
You visited 1 branch of the dungeon, and saw 6 of its levels.

You collected 324 gold pieces.
You spent 50 gold pieces at shops.

Inventory:

Hand Weapons
 a - a +1 sling (weapon)
 d - the +5 war axe of Qoabefio {drain, rC++ rCorr}
   (You found it on level 4 of the Dungeon)

   A truly terrible weapon, it drains the life of any living foe it strikes.
   rC:        It greatly protects you from cold.
   rCorr:     It protects you from acid and corrosion.
 v - a +1 dagger of speed
Armour
 e - a +0 robe of willpower (worn)
 y - the +0 ring mail of the Trilobite {rC+ Str+5}
   (You found it on level 3 of the Dungeon)

   Str:       It affects your strength (+5).
   rC:        It protects you from cold.
 D - a +0 cloak (worn)
 E - a +0 buckler (worn)
Jewellery
 q - a +6 ring of dexterity (left hand)
 s - a ring of wizardry (right hand)
Wands
 z - a wand of flame (9)
Scrolls
 b - a scroll of poison
 f - 2 scrolls of fog {unknown}
 g - a scroll of acquirement {unknown}
 m - a scroll of enchant armour {unknown}
 n - a scroll of torment {unknown}
 o - a scroll of silence {unknown}
 p - a scroll of blinking {unknown}
 u - 2 scrolls of identify {unknown}
 x - a scroll of vulnerability {unknown}
Potions
 c - 2 potions of degeneration {unknown}
 h - a potion of flight {unknown}
 i - 2 potions of haste {unknown}
 j - 3 potions of curing
 k - 2 potions of lignification {unknown}
 l - 3 potions of brilliance {unknown}
 r - a potion of attraction {unknown}
 t - a potion of invisibility {unknown}
 w - 3 potions of ambrosia {unknown}
 A - a potion of heal wounds
 B - a potion of cancellation {unknown}
 C - 2 potions of mutation {unknown}


   Skills:
 + Level 3.9 Fighting
 * Level 5.4 Ranged Weapons
 - Level 1.7 Dodging
 * Level 0.0 Shields
 + Level 3.7 Spellcasting
 + Level 6.8 Hexes
 - Level 2.0 Fire Magic


You had 3 spell levels left.
You knew the following spells:

 Your Spells              Type           Power      Damage    Failure   Level
a - Slow                  Hex            92%        N/A       1%          1
b - Inner Flame           Hex/Fire       16%        N/A       4%          3
c - Portal Projectile     Hex/Tloc       26%        N/A       7%          3
d - Cause Fear            Hex            11%        N/A       6%          4

Your spell library contained the following spells:

 Spells                   Type           Power      Damage    Failure   Level
 Confusing Touch          Hex            23%        N/A       1%          3
 Kiss of Death            Conj/Necr      8%         2d6       10%         1
 Gell's Gravitas          Tloc           2%         N/A       26%         3
 Lesser Beckoning         Tloc           4%         N/A       26%         3
 Stone Arrow              Conj/Erth      4%         3d7       26%         3
 Teleport Other           Tloc           2%         N/A       26%         3
 Animate Armour           Summ/Erth      4%         N/A       65%         4
 Dispel Undead            Necr           2%         3d7       65%         4
 Manifold Assault         Tloc           2%         N/A       65%         4
 Storm Form               Tmut/Air       1%         N/A       100%        7
 Lehudib's Crystal Spear  Conj/Erth      1%         10d2      100%        8
 Blink                    Tloc           Unusable   N/A       N/A         2

Dungeon Overview and Level Annotations

Branches:
Dungeon (6/15)
 Temple: D:4-7

Altars:
Dithmenos
Uskayaw
Yredelemnul

Shops:
D:3 !


Innate Abilities, Weirdness & Mutations

You cannot be hasted, slowed, berserked, paralysed or teleported.
You can dig through walls and to a lower floor.
You have a pair of large antennae on your head. (SInv)
Your four strong arms can wield two-handed weapons with a shield.


Message History

You shoot a sling bullet. The sling bullet hits Maggie.
Flame seeps out of Maggie.
Maggie is lightly wounded.
The bullfrog snags a nearby blue-tailed skink with its tongue.
You block the bullfrog's attack.
Maggie is engulfed in blazing flames.
Flame seeps out of Maggie.
The bullfrog hits you. The bullfrog attacks as you move away!
The bullfrog hits you.
Maggie gestures wildly while chanting.
Maggie attempts to bespell you!
You are mesmerised by Maggie!
There is a stone staircase leading up here.
Fire: a) +1 sling
Press: ? - help, Shift-Dir - straight line, f/p - Maggie
Aim: Maggie, wielding a +0 long sword, wearing +0 steam dragon scales and carrying a wand of flame (4) (moderately wounded, mesmerising, inner flame, slow, 64% to hit)
You shoot a sling bullet. The sling bullet hits Maggie!
Flame seeps out of Maggie.
Maggie is moderately wounded.
The bullfrog barely misses you. x2; Maggie is engulfed in blazing flames.
Flame seeps out of Maggie.
You cannot move away from Maggie!
You shoot a sling bullet. The sling bullet hits Maggie.
Flame seeps out of Maggie.
Maggie is severely wounded.
The bullfrog hits you but does no damage.
The bullfrog hits you.
Maggie is engulfed in blazing flames.
Flame seeps out of Maggie.
Maggie mumbles some strange words.
Maggie draws you further into her thrall.
You shoot a sling bullet. The sling bullet hits Maggie.
Flame seeps out of Maggie.
Maggie is almost dead.
The bullfrog hits you! You block the bullfrog's attack.
Maggie is engulfed in blazing flames.
You are no longer entranced.
Maggie explodes!
The fiery explosion engulfs the bullfrog!!
You kill the bullfrog!
The fiery explosion engulfs you!!!
Ouch! That really hurt!
You die...

#.# ..## ###.#
.... ...# ... ..#
#.. #.# ##..
###.###### ####...
#(..°§§..#
.......##.##§°§..#
#.?......##§§@..#
##....##.#......##
##... #..#......#
##.. ###.#.###.#
#.. ###.#.# #.#
#.. ......###.#
#.. ####.....#
#.... ##..### ..
#..#


There were no monsters in sight!

Vanquished Creatures
  Maggie (D:6)
  Grinder (D:3)
  Sigmund (D:3)
  2 phantoms (D:5)
  Blork the orc (D:4)
  A bullfrog (D:6)
  A gnoll sergeant (D:5)
  A jelly (D:4)
  Crazy Yiuf (D:3)
  A hound (D:5)
  An iguana (D:4)
  An orc wizard (D:5)
  3 gnolls (D:5)
  6 adders
  A worm (D:3)
  3 dart slugs
  10 orcs
  6 endoplasms
  2 giant cockroaches (D:3)
  6 goblins
  8 hobgoblins
  5 jackals
  4 kobolds
  3 quokkas
  11 ball pythons
  2 bats
  3 frilled lizards
  3 rats
  A spectral orc (D:5)
90 creatures vanquished.

Vanquished Creatures (others)
  An orc wizard (D:5)
  3 fungi (D:3)
4 creatures vanquished.

Grand Total: 94 creatures vanquished

Notes
Turn   | Place    | Note
-------+----------+-------------------------------------------
     0 | D:1      | Bnni the Formicid Hexslinger began the quest for the Orb.
     0 | D:1      | Reached XP level 1. HP: 15/15 MP: 2/2
    97 | D:1      | Reached XP level 2. HP: 21/21 MP: 3/3
   244 | D:1      | Found a faded altar of an unknown god.
   322 | D:1      | Reached skill level 4 in Hexes
   322 | D:1      | Reached skill level 1 in Fire Magic
   326 | D:1      | Reached XP level 3. HP: 26/26 MP: 4/4
   330 | D:1      | Learned a level 3 spell: Inner Flame
   990 | D:2      | Reached XP level 4. HP: 32/32 MP: 6/6
  1500 | D:3      | Noticed Sigmund
  1546 | D:3      | Killed Sigmund
  1547 | D:3      | Reached skill level 5 in Hexes
  1547 | D:3      | Reached XP level 5. HP: 37/38 MP: 3/8
  1547 | D:3      | Reached XP level 6. HP: 43/44 MP: 3/9
  1552 | D:3      | Learned a level 4 spell: Cause Fear
  2063 | D:3      | Identified the +0 ring mail of the Trilobite {rC+ Str+5}
  2119 | D:3      | Found Tac Yneg's Distillery.
  2127 | D:3      | Bought a potion of heal wounds for 50 gold pieces
  2154 | D:3      | Noticed Grinder
  2161 | D:3      | Killed Grinder
  2162 | D:3      | Reached XP level 7. HP: 51/51 MP: 5/11
  2629 | D:3      | Found a runed translucent door.
  2630 | D:3      | Noticed Crazy Yiuf
  2646 | D:3      | Killed Crazy Yiuf
  2647 | D:3      | Reached skill level 6 in Hexes
  3030 | D:4      | Learned a level 3 spell: Portal Projectile
  3290 | D:4      | Identified the +5 war axe of Qoabefio {drain, rC++ rCorr}
  3415 | D:4      | Noticed Blork the orc
  3456 | D:4      | Killed Blork the orc
  4234 | D:5      | Entered Level 5 of the Dungeon
  4240 | D:5      | Found a hide-covered altar of Uskayaw.
  4444 | D:5      | Reached XP level 8. HP: 11/58 MP: 8/13
  4722 | D:5      | Reached skill level 5 in Ranged Weapons
  4914 | D:5      | Found a basalt altar of Yredelemnul.
  5549 | D:6      | Found a shadowy altar of Dithmenos.
  5588 | D:6      | Noticed Maggie
  5609 | D:6      | Killed Maggie
  5609 | D:6      | Killed by an exploding Maggie... ignited by their inner
                  | flame

Illustrated notes

Levels and vault maps discovered:
D:1:      amcnicky_arrival_flooded_fountain, layout_basic,
          hellmonk_ecumenical_altar_arch_garden
D:2:      layout_rooms, minmay_surrounded
D:3:      layout_loops_cross, serial_shops, shop_statue, amethyst_killhole,
          grunt_ministairs_9, chequers_serial_rivers_marsh,
          corexii_item_surrounded_by_moat, uniq_grinder, uniq_sigmund,
          uniq_crazy_yiuf_cottage
D:4:      layout_layer_cave, dk_noncrumbling_2, uniq_blork_the_orc
D:5:      layout_loops_corners, general_overflow_altar,
          yredelemnul_forgotten_temple_becter
D:6:      layout_loops_ring, mainiacjoe_overflow_alcove_4, ashenzari_altar_1,
          minmay_temple_entry_enclosed_plants, chequers_ossuary_entry_cave,
          uniq_maggie, uniq_prince_ribbit1

Skill      XL: |  1  2  3  4  5  6  7  8 |
---------------+-------------------------+-----
Hexes          | 4 5 6 |  6.8
Fire Magic     | 1 2 |  2.0
Fighting       | 2 3 |  3.9
Ranged Weapons | 3 4 5 |  5.4
Spellcasting   | 2 3 |  3.7
Dodging        | |  1.7

Action                   |  1- 3 |  4- 6 |  7- 9 || total
-------------------------+-------+-------+-------++-------
 Fire: Sling             |    81 |    98 |   193 ||   372
 Cast: Slow              |     2 |     3 |    23 ||    28
       Inner Flame       |       |     3 |     8 ||    11
       Portal Projectile |       |       |     1 ||     1
 Abil: Dig               |       |     1 |       ||     1
  Use: Potion            |       |     1 |     1 ||     2
       Scroll            |       |       |     1 ||     1
Armor: Robe              |     8 |     6 |    34 ||    48
Dodge: Dodged            |    56 |    21 |   106 ||   183
Block: Buckler           |       |       |     7 ||     7

Table legend: (Time is in decaauts)
 A = Elapsed time spent in this place.
 B = Non-inter-level travel time spent in this place.
 C = Inter-level travel time spent in this place.
 D = Time resting spent in this place.
 E = Time spent auto-exploring this place.
 F = Levels seen in this place.
 G = Mean time per level.
                   A        B        C        D        E       F      G
               +--------+--------+--------+--------+--------+-----+--------+
         Total |   5689 |   5484 |    205 |    828 |   3804 |   6 |  948.2 |
       Dungeon |   5689 |   5484 |    205 |    828 |   3804 |   6 |  948.2 |
               +--------+--------+--------+--------+--------+-----+--------+

Top non-repeatable levels by time:
     D:4: 1488 daAuts
     D:5: 1325 daAuts
     D:3: 1258 daAuts
     D:1: 801 daAuts
     D:2: 753 daAuts
     D:6: 61 daAuts
